 Dungeon Crawl Stone Soup version 0.19-a0-1682-g5114f93 (webtiles) character file.

704170 dvd the Cryomancer (level 27, 0/182 HPs)
             Began as a Human Ice Elementalist on Sept 18, 2016.
             Was the Champion of Hepliaklqana.
             Killed by divine providence
             ... invoked by a daeva
              (9 damage)
             ... on level 2 of the Realm of Zot on Sept 26, 2016.
             The game lasted 09:41:18 (86763 turns).

dvd the Cryomancer (Human Ice Elementalist)        Turns: 86763, Time: 09:41:21

Health: 0/182      AC: 20    Str: 10    XL:     27
Magic:  17/47      EV: 21    Int: 38    God:    Hepliaklqana [******]
Gold:   8448       SH: 18    Dex: 17    Spells: 13 memorised, 5 levels left

rFire  + + +     SeeInvis +     b - +8 scimitar of the Candle {elec, rF+ rC+ Int+5}
rCold  + + .     Gourm    .     t - +4 troll leather armour
rNeg   + . .     Faith    .     N - +1 shield {AC+3}
rPois  +         Spirit   .     k - -2 hat of the Alchemist {rElec rPois rF+ rC+ rN+ MR+ rMut rCorr}
rElec  +         Dismiss  .     r - +2 cloak {+Inv}
rCorr  +         Reflect  +     d - +1 pair of gloves of Atsu {rCorr Int+4}
rMut   +         Harm     .     Z - +2 pair of boots {run}
MR     ++++.                    p - +4 amulet of reflection
Stlth  +.........               Q - ring "Oshryga" {rPois Int+5 SInv}
                                G - ring "Qugicrem" {rF+ MR+}

@: about to teleport, glowing, deflect missiles, quick
A: reduced essence
a: Recall Ancestor, Ancestor Identity, Transference, Idealise, Renounce
Religion, Evoke Invisibility
0: Orb of Zot
}: 4/15 runes: decaying, slimy, silver, gossamer


You were on level 2 of the Realm of Zot.
You worshipped Hepliaklqana.
Hepliaklqana was exalted by your worship.
You were not hungry.

You visited 12 branches of the dungeon, and saw 58 of its levels.
You also visited: Labyrinth, Volcano and Wizlab.

You collected 9816 gold pieces.
You spent 1368 gold pieces at shops.

Inventory:

Hand Weapons
 a - the +9 war axe of Inquiry {drain, Str+6}
   (You found it on level 9 of the Dungeon)

   A truly terrible weapon, it drains the life of those it strikes.
   It affects your strength (+6).
 b - the +8 scimitar of the Candle (weapon) {elec, rF+ rC+ Int+5}
   (You took it off a vault warden on level 5 of the Vaults)

   Occasionally, upon striking a foe, it will discharge some electrical energy
   and cause terrible harm.
   It affects your intelligence (+5).
   It protects you from fire.
   It protects you from cold.
 c - the +12 short sword of the Six Runes {speed, rN+}
   (You found it on level 4 of the Spider Nest)

   Attacks with this weapon are significantly faster.
   It protects you from negative energy.
 s - the +8 scimitar "Wynwirhicu" {holy, rElec rPois rC+}
   (You found it on level 3 of the Spider Nest)

   It has been blessed by the Shining One to cause great damage to the undead
   and demons.
   It protects you from cold.
   It insulates you from electricity.
   It protects you from poison.
Armour
 d - the +1 pair of gloves of Atsu (worn) {rCorr Int+4}
   (You acquired it on level 4 of the Lair of Beasts)

   It affects your intelligence (+4).
   It protects you from acid and corrosion.
 k - the -2 hat of the Alchemist (worn) {rElec rPois rF+ rC+ rN+ MR+ rMut rCorr}
   (You found it in a wizard's laboratory)

   It protects you from fire.
   It protects you from cold.
   It insulates you from electricity.
   It protects you from poison.
   It protects you from negative energy.
   It affects your resistance to hostile enchantments.
   It protects you from acid and corrosion.
   It protects you from mutation.
 r - a +2 cloak of invisibility (worn)
 t - a +4 troll leather armour (worn)
 M - a +4 large shield of positive energy
 N - a +1 shield of protection (worn)
 Z - a +2 pair of boots of running (worn)
Rods
 W - a +4 lightning rod (11/11)
   (You found it in a labyrinth)
Jewellery
 p - a +4 amulet of reflection (around neck)
 q - an uncursed amulet of magic regeneration
 G - the ring "Qugicrem" (left hand) {rF+ MR+}
   (You found it on level 2 of the Realm of Zot)

   [ring of protection from fire]

   It protects you from fire.
   It affects your resistance to hostile enchantments.
 Q - the ring "Oshryga" (right hand) {rPois Int+5 SInv}
   (You bought it in a shop on level 2 of the Orcish Mines)

   [ring of see invisible]

   It affects your intelligence (+5).
   It protects you from poison.
   It lets you see invisible.
 X - the ring "Pycsugeu" {+Fly MR+ Int+3}
   (You found it in a labyrinth)

   [ring of flight]

   It affects your intelligence (+3).
   It affects your resistance to hostile enchantments.
   It lets you fly.
Wands
 j - a wand of teleportation (0/9)
 m - a wand of lightning (12/15)
 o - a wand of iceblast (7/15)
 v - a wand of teleportation (4/9)
 C - a wand of disintegration (17/24)
 J - a wand of digging (7/24)
 P - a wand of teleportation (5/9)
 U - a wand of lightning (8/15)
 V - a wand of iceblast (12/15)
 Y - a wand of lightning (5/15)
Scrolls
 e - a scroll of magic mapping
 f - 5 scrolls of teleportation
 i - 16 scrolls of fog
 l - 10 scrolls of amnesia
 n - 28 scrolls of identify
 u - 27 scrolls of remove curse
 y - 3 scrolls of fear
 I - 7 scrolls of summoning
 K - 3 scrolls of recharging
 O - 3 scrolls of blinking
Potions
 g - 4 potions of haste
 h - 4 potions of flight
 w - 7 potions of cancellation
 x - 9 potions of curing
 D - 9 potions of agility
 E - 4 potions of might
 H - 3 potions of cure mutation
 L - 2 potions of heal wounds
 S - 6 potions of resistance
 T - 6 potions of brilliance
Comestibles
 z - 29 bread rations
 A - 19 meat rations
 B - 12 fruits


   Skills:
 + Level 13.8 Fighting
 + Level 3.0(10.3) Short Blades
 + Level 14.7(14.8) Long Blades
 + Level 16.4(16.6) Axes
   Level 4.6(11.9) Maces & Flails
 + Level 7.5 Armour
 + Level 13.0 Dodging
 + Level 12.7 Stealth
 + Level 15.9 Shields
 + Level 20.5 Spellcasting
 + Level 13.3 Conjurations
 + Level 6.5 Hexes
 + Level 10.2 Charms
 + Level 6.3 Summonings
 + Level 2.2 Translocations
   Level 0.6 Transmutations
 + Level 22.6 Ice Magic
 + Level 7.0 Air Magic
 + Level 10.1 Poison Magic
 + Level 8.3 Invocations
 + Level 2.5 Evocations


You had 5 spell levels left.
You knew the following spells:

 Your Spells              Type           Power        Failure   Level  Hunger
a - Throw Icicle          Conj/Ice       ########     0%          4    None
b - Olgreb's Toxic Radia  Pois           #######.     1%          4    None
c - Ozocubu's Armour      Chrm/Ice       ########     0%          3    None
d - Summon Lightning Spi  Summ/Air       ######..     1%          4    None
e - Summon Ice Beast      Ice/Summ       #######.     1%          4    None
f - Bolt of Cold          Conj/Ice       ########..   1%          6    None
g - Metabolic Englaciati  Hex/Ice        #######...   1%          5    None
h - Ozocubu's Refrigerat  Ice            ########..   1%          6    None
i - Blink                 Tloc           N/A          1%          2    None
j - Deflect Missiles      Chrm/Air       #######...   4%          6    None
k - Freezing Cloud        Conj/Ice/Air   #######...   1%          6    None
l - Lightning Bolt        Conj/Air       #######...   1%          5    None
m - Orb of Destruction    Conj           #######...   3%          7    None


Dungeon Overview and Level Annotations

Branches:
Dungeon (15/15)            Temple (1/1) D:4            Lair (6/6) D:10
  Swamp (4/4) Lair:2       Spider (4/4) Lair:3        Slime (5/5) Lair:6
    Orc (2/2) D:12            Elf (3/3) Orc:2        Vaults (5/5) D:14
  Crypt (3/3) Vaults:2       Tomb (0/3) Crypt:3      Depths (5/5) D:15
    Zot (5/5) Depths:5

Altars:
Ashenzari
Cheibriados
Dithmenos
Elyvilon
Fedhas
Gozag
Hepliaklqana
Kikubaaqudgha
Makhleb
Nemelex Xobeh
Okawaru
Qazlal
Ru
Sif Muna
Trog
Uskayaw
Vehumet
Xom
Yredelemnul
Zin
The Shining One
Beogh
Jiyva

Shops:
D:7 (   D:9 }   D:12 (   Orc:1 [   Orc:2 *[=(   Elf:1 }=}[   Elf:3 *[}[
Vaults:1 [   Vaults:3 (   Depths:1 *(   Depths:4 !}:

Portals:
Hell: Depths:1 Depths:2 Depths:3 Depths:4 Depths:5
Abyss: Depths:4
Pandemonium: Depths:3
Ziggurat: Depths:5
Trove: D:13 (show abyssal rune of Zot)


Message History

The Shining One smites you!
* * * LOW HITPOINT WARNING * * *
You block the sixfirhy's attack.
Wilfreda gestures wildly while chanting.
You block the sixfirhy's attack.
Wilfreda casts a spell.
Casting: Bolt of Cold
Confirm with . or Enter, or press ? or * to list all spells.
You blink.
The sixfirhy hits you!
* * * LOW HITPOINT WARNING * * *
The sixfirhy shocks you. You resist.
* * * LOW HITPOINT WARNING * * *
The sixfirhy hits you!
* * * LOW HITPOINT WARNING * * *
The sixfirhy shocks you. You resist.
* * * LOW HITPOINT WARNING * * *
You block the sixfirhy's attack.
The daeva calls down the wrath of the Shining One upon you.
The Shining One smites you!
You die...

.# #...#...## ######.[)...).###
.# #........# #..))....).# ##
#........# ###.#...#....## #
###...#### ###...#.####....# ###
#.....#####.......##.....#.# ..#
#.......#...A.....##....####
..######.....#..ยง..#...)##....#
....#..###...###3#.#.....##>..#
....#........#.#@#.#.#....##..#
#.....R.#...##..R....#.....####
##.....##....###.....#.#....##
##...####.............#.....#
#####..#.....##.#.##.###.<.#
#..#R#....###..#.#...).#
#####...##....#...###[....#
##...##..###.(#######....###
##.....##...####...##.)...#


You could see the friendly Wilfreda the battlemage, a daeva and a sixfirhy.

Vanquished Creatures
  the Royal Jelly (Slime:5)
  2 orbs of fire (Zot:5)
  2 ancient liches
  Sojobo (Depths:4)
  3 Killer Klowns
  Xtahua (Depths:5)
  A curse toe (Zot:3)
  4 golden dragons
  A Brimstone Fiend (Zot:5)
  3 electric golems
  4 tentacled monstrosities
  8 Orb Guardians (Zot:5)
  2 titans (Vaults:5)
  A deep elf master archer (Elf:3)
  A deep elf blademaster (Elf:3)
  21 acid blobs
  3 sphinxes
  4 death cobs
  4 shadow dragons
  3 tengu reavers
  An ancient champion (Crypt:2)
  3 draconian monks
  A thorn hunter (Swamp:4)
  2 revenants
  2 storm dragons
  6 azure jellies
  2 frost giants
  An iron dragon (Vaults:4)
  3 deep elf sorcerers
  6 fire giants
  Louise (D:14)
  2 ghost moths (Zot:3)
  Aizul (Spider:3)
  An orc warlord (Orc:1)
  2 draconian shifters
  A draconian scorcher (Zot:5)
  The ghost of Bronet the Nimble, a journeyman MfSk of the Shining One (Elf:2)
  An emperor scorpion (Spider:2)
  7 vault wardens
  7 ironheart preservers
  A curse skull (Crypt:3)
  4 ghouls
  4 draconian zealots
  2 deep elf elementalists
  7 stone giants
  A spriggan defender (Depths:4)
  9 draconian annihilators
  An entropy weaver (Vaults:3)
  2 draconian callers (Zot:3)
  17 very ugly things
  A vampire knight (Crypt:1)
  9 deep elf demonologists
  8 black draconians
  A deep elf annihilator (Vaults:5)
  5 green draconians
  6 yellow draconians
  6 red draconians
  10 white draconians
  A purple draconian (Zot:1)
  6 mottled draconians
  5 spark wasps
  3 eidola
  4 deep elf death magi
  6 ettins
  2 death oozes (Slime:5)
  6 deep elf high priests
  3 jiangshi
  9 ogre magi
  12 fire dragons
  3 yaktaur captains
  7 great orbs of eyes
  28 vault guards
  A hell beast (Depths:2)
  20 hydras
  10 ice dragons
  2 spriggan air magi
  A merfolk avatar (Lair:6)
  2 death knights
  16 dancing weapons
  9 centaur warriors
  3 alligators
  5 deep troll shamans
  3 deep troll earth magi
  6 tengu warriors
  A satyr (shapeshifter) (Vaults:5)
  5 death yaks
  2 vampire magi
  Urug (D:14)
  5 hell knights (Crypt:3)
  Sonja (Lair:1)
  A titan skeleton (Crypt:3)
  An orc high priest (Orc:2)
  4 shock serpents (Zot:3)
  6 deep elf knights
  3 iron trolls
  A soul eater (Depths:2)
  3 salamander mystics
  A fire crab (shapeshifter) (Vaults:5)
  3 shadow wraiths
  Nergalle (D:11)
  4 sea snakes
  12 skeletal warriors
  8 flayed ghosts
  11 deep trolls
  7 deep elf archers
  6 swamp dragons
  An orange crystal statue (Depths:5)
  8 glowing orange brains
  A spriggan druid (Swamp:4)
  7 orc knights
  A shambling mangrove (Swamp:2)
  11 ironbrand convokers
  7 unseen horrors
  A necromancer (Vaults:1)
  4 harpies
  4 wizards
  A harpy (shapeshifter) (WizLab)
  9 shining eyes
  4 phantasmal warriors
  An orb spider (shapeshifter) (WizLab)
  A wolf spider zombie (Crypt:3)
  A hill giant (D:14)
  48 deep elf magi
  An oklob plant (Swamp:2)
  A shadow dragon skeleton (Crypt:3)
  28 ugly things
  A fire giant zombie (Vaults:3)
  8 manticores
  12 orb spiders
  A cyclops (shapeshifter) (WizLab)
  2 orc sorcerers
  19 wolf spiders
  A frost giant skeleton (Vaults:2)
  9 hornets
  A manticore (shapeshifter) (Depths:1)
  4 salamanders
  An iron dragon skeleton (Crypt:3)
  20 moths of wrath
  A salamander (shapeshifter) (WizLab)
  7 cyclopes
  3 stone giant skeletons
  3 elephants (Lair:6)
  3 smoke demons (Crypt:3)
  A black mamba (Lair:1)
  A fire giant skeleton (Vaults:2)
  10 vault sentinels
  2 guardian serpents (shapeshifter)
  13 eyes of devastation
  2 gargoyles
  A kobold demonologist (D:12)
  The ghost of wazuzu the Conjurer, a novice DrCj of Dithmenos (D:6)
  11 spiny frogs
  2 large abominations (WizLab)
  6 komodo dragons
  An efreet (D:15)
  4 rime drakes
  A spiny frog (shapeshifter) (WizLab)
  4 demonic crawlers
  20 yaktaurs
  7 freezing wraiths
  5 red devils
  6 tengu conjurers
  A yaktaur skeleton (Vaults:2)
  A minotaur zombie (Lab)
  5 trolls
  A wind drake (shapeshifter) (Vaults:1)
  A catoblepas skeleton (Crypt:2)
  3 meliai (D:13)
  3 tyrant leeches
  A queen bee (shapeshifter) (Vaults:3)
  26 jumping spiders
  A two-headed ogre (shapeshifter) (Elf:1)
  4 small abominations
  3 polar bears
  An alligator zombie (Crypt:1)
  17 two-headed ogres
  13 blink frogs
  3 removed MONS_BOULDER_BEETLEs
  A raiju (Zot:3)
  86 slime creatures
  8 hippogriffs
  6 bog bodies
  3 dream sheep (Lair:6)
  37 redbacks
  4 air elementals
  A redback (shapeshifter) (Vaults:5)
  6 shadows
  9 spriggans
  A minotaur skeleton (Crypt:2)
  A tarantella (shapeshifter) (Vaults:5)
  19 tarantellas
  4 water elementals
  A vampire (D:15)
  10 yaks
  A yak (shapeshifter) (Depths:4)
  2 spriggans (shapeshifter)
  8 wraiths
  A hog (shapeshifter) (D:13)
  6 wyverns
  3 hungry ghosts (Crypt:3)
  A fire bat (shapeshifter) (Vaults:4)
  5 golden eyes
  2 golden eyes (shapeshifter)
  4 fire elementals
  2 steam dragons
  8 vampire mosquitoes
  2 basilisks
  Edmund (D:3)
  2 wargs (Orc:1)
  2 mottled dragons
  5 hell hounds
  7 insubstantial wisps
  10 swamp worms
  7 water moccasins
  5 floating eyes
  A soldier ant (shapeshifter) (WizLab)
  A deep troll skeleton (Vaults:2)
  11 porcupines
  A hornet simulacrum (D:15)
  17 swamp drakes
  2 black bears
  17 orc warriors
  A spiny frog skeleton (Crypt:3)
  4 ice beasts (D:11)
  A sky beast (shapeshifter) (Vaults:2)
  6 eyes of draining
  An eye of draining (shapeshifter) (Vaults:4)
  An ogre (shapeshifter) (WizLab)
  2 sky beasts
  4 necrophages
  2 phantoms
  2 boggarts (Vaults:1)
  14 wasps
  46 ogres
  10 centaurs
  3 crocodiles
  15 bullfrogs
  4 human skeletons (Vaults:2)
  2 scorpions
  3 wights
  An oklob sapling (Swamp:2)
  4 vampire bats (D:12)
  A polar bear skeleton (Crypt:2)
  2 howler monkeys
  5 electric eels
  2 crimson imps
  7 jellies
  2 quasits
  3 bullfrog skeletons
  5 hounds
  11 orc priests
  4 centaur skeletons
  2 hell rats
  4 iguanas
  9 orc wizards
  Natasha (thrice) (D:3)
  12 worker ants
  4 lightning spires (Zot:3)
  A crocodile skeleton (Crypt:1)
  A hound zombie (D:6)
  2 mummies (Crypt:3)
  A howler monkey zombie (Crypt:1)
  2 gnolls (D:8)
  A worker ant zombie (D:11)
  12 adders
  33 river rats
  3 shadow imps
  2 white imps
  A worker ant simulacrum (D:11)
  7 oozes
  An adder skeleton (D:5)
  4 worms
  A dart slug (D:3)
  2 leopard geckos
  61 orcs
  A ball python (D:4)
  A bat zombie (Crypt:1)
  8 giant cockroaches
  3 hobgoblins
  5 jackals
  11 kobolds
  6 quokkas
  15 bats
  9 frilled lizards
  6 goblins
  A leopard gecko skeleton (Crypt:2)
  A quokka zombie (D:6)
  8 rats
  A rat skeleton (Crypt:2)
  3 crawling corpses
  3 fungi
  3 plants (Depths:2)
1646 creatures vanquished.

Vanquished Creatures (collateral kills)
  Dissolution (Slime:4)
  An ancient lich (Zot:5)
  Boris (Depths:3)
  A Killer Klown (Zot:5)
  7 golden dragons
  A bone dragon (Depths:5)
  A mutant beast (WizLab)
  Jory (Depths:5)
  An electric golem (Zot:4)
  Arachne (Spider:3)
  15 Orb Guardians (Zot:5)
  5 titans
  8 tentacled monstrosities
  A deep elf master archer (Elf:3)
  4 liches
  13 acid blobs
  2 deep elf blademasters
  Gastronok (Orc:1)
  3 death cobs
  5 sphinxes
  4 tengu reavers
  13 storm dragons
  A thorn hunter (Swamp:4)
  4 shadow dragons
  7 azure jellies
  5 fire giants
  4 draconian monks
  A revenant (Crypt:2)
  9 frost giants
  2 iron dragons
  11 vault wardens
  A curse skull (Crypt:1)
  An orc warlord (Orc:2)
  3 ghost moths (Spider:4)
  3 draconian knights
  2 draconian scorchers
  9 deep elf sorcerers
  4 deep elf elementalists (Elf:3)
  3 draconian zealots
  A draconian shifter (Zot:3)
  A reaper (Zot:3)
  6 ghouls
  3 draconian annihilators
  2 emperor scorpions
  7 war gargoyles
  13 ironheart preservers
  15 very ugly things
  8 stone giants
  A vampire knight (Crypt:2)
  2 entropy weavers
  4 green draconians
  A draconian caller (Zot:5)
  2 deep elf demonologists
  3 deep elf annihilators
  A lorocyproca (Zot:3)
  Nessos (D:15)
  10 black draconians
  4 mottled draconians
  3 purple draconians
  7 white draconians
  2 red draconians
  4 spark wasps
  6 yellow draconians
  4 death oozes
  A mummy priest (Crypt:3)
  2 deep elf death magi
  3 eidola
  4 ettins
  A minotaur (Lab)
  8 fire dragons
  Josephine (D:10)
  A merfolk impaler (Depths:2)
  2 jiangshi
  Snorg (Lair:3)
  11 great orbs of eyes
  8 yaktaur captains
  7 vault guards
  9 ice dragons
  3 rakshasas
  Harold (D:14)
  A quicksilver dragon skeleton (Crypt:3)
  8 hydras
  3 death knights
  3 spriggan air magi
  5 centaur warriors
  A ghost crab (Swamp:4)
  5 alligators
  18 dancing weapons
  2 death yaks (Lair:6)
  3 deep troll shamans
  8 ogre magi
  4 tengu warriors
  A spriggan berserker (Depths:4)
  4 vampire magi
  3 deep troll earth magi (Depths:4)
  3 orc high priests (Orc:2)
  6 hell knights
  A sun demon (Zot:3)
  9 deep elf knights
  A soul eater (Crypt:2)
  An iron golem (WizLab)
  An iron troll (Depths:5)
  4 shadow wraiths
  2 titan skeletons
  14 skeletal warriors
  A sixfirhy (Zot:3)
  A sea snake (Lair:6)
  A golden dragon zombie (Crypt:2)
  An unseen horror (Vaults:1)
  11 deep trolls
  2 flayed ghosts (Crypt:3)
  A spriggan druid (Swamp:2)
  15 deep elf archers
  A storm dragon skeleton (Crypt:3)
  4 ironbrand convokers
  A golden dragon skeleton (Crypt:3)
  3 hill giants
  4 phantasmal warriors
  2 wizards
  4 shambling mangroves
  2 harpies (shapeshifter)
  3 necromancers
  5 swamp dragons
  A lindwurm (shapeshifter) (WizLab)
  4 orc knights
  A harpy (Vaults:4)
  5 orb spiders
  19 wolf spiders
  The ghost of jacquesderrida the Carver, a novice VSSk of Okawaru (D:9)
  An orb spider (shapeshifter) (WizLab)
  27 deep elf magi
  A shining eye (Slime:2)
  3 orc sorcerers
  An oklob plant (D:10)
  4 salamanders (Depths:5)
  A manticore (shapeshifter) (WizLab)
  A fire giant zombie (Vaults:1)
  26 ugly things
  5 hornets
  A hornet (shapeshifter) (Depths:1)
  2 elephants (Lair:6)
  A salamander (shapeshifter) (Depths:2)
  2 cyclopes
  An elephant (shapeshifter) (WizLab)
  4 moths of wrath
  A guardian serpent (shapeshifter) (WizLab)
  6 eyes of devastation
  Joseph (D:9)
  A fire giant skeleton (Crypt:3)
  6 vault sentinels
  2 centaur skeletons (D:15)
  4 spiny frogs
  3 gargoyles (Crypt:3)
  A spiny frog (shapeshifter) (WizLab)
  A pale draconian zombie (Crypt:1)
  A kobold demonologist (D:12)
  13 yaktaurs
  5 rime drakes
  A rime drake (shapeshifter) (WizLab)
  5 komodo dragons
  An ice devil (Depths:2)
  An efreet (D:15)
  9 freezing wraiths
  A tormentor (Zot:2)
  A tengu conjurer (Depths:3)
  A guardian mummy (Crypt:3)
  3 demonic crawlers
  2 trolls
  5 polar bears
  2 polar bears (shapeshifter) (WizLab)
  2 jumping spiders (shapeshifter)
  A tyrant leech (Swamp:3)
  15 jumping spiders
  8 two-headed ogres
  A harpy skeleton (D:15)
  A wind drake (shapeshifter) (WizLab)
  2 raiju (Zot:3)
  8 removed MONS_BOULDER_BEETLEs
  10 blink frogs
  2 fire dragon zombies
  6 bog bodies
  62 slime creatures
  An alligator zombie (Crypt:2)
  7 hippogriffs
  Grinder (D:6)
  2 dream sheep (Lair:6)
  A blink frog (shapeshifter) (WizLab)
  An ettin zombie (Vaults:3)
  A frost giant simulacrum (Vaults:1)
  8 spriggans
  28 redbacks
  A shadow (D:11)
  4 water elementals
  A yak (shapeshifter) (WizLab)
  4 air elementals
  An ice dragon skeleton (Crypt:3)
  10 tarantellas
  An ushabti (Crypt:3)
  7 wraiths
  9 yaks
  Sigmund (D:2)
  A wyvern (D:15)
  A hog (shapeshifter) (WizLab)
  4 golden eyes
  A basilisk (Elf:1)
  A yaktaur simulacrum (Vaults:3)
  2 fire elementals
  Grum (D:11)
  A mottled dragon (Vaults:2)
  A warg (Vaults:5)
  8 vampire mosquitoes
  13 insubstantial wisps
  5 large abominations (WizLab)
  11 swamp worms
  4 water moccasins
  A floating eye (WizLab)
  2 porcupines (Lair:1)
  2 hell hounds
  4 swamp drakes
  A deep troll skeleton (Vaults:2)
  14 orc warriors
  A hornet simulacrum (Vaults:1)
  A sky beast (D:15)
  2 ice beasts
  An eye of draining (Slime:1)
  10 wasps
  A boggart (Vaults:1)
  3 necrophages
  21 ogres
  5 wolves
  3 centaurs
  6 crocodiles
  7 bullfrogs
  A gnoll sergeant (D:8)
  2 wyvern zombies
  2 human skeletons
  5 small abominations
  A water moccasin zombie (D:11)
  3 earth elementals
  A yaktaur skeleton (Crypt:2)
  3 scorpions
  4 killer bees
  2 howler monkeys (D:9)
  4 wights
  2 crimson imps
  A black bear zombie (Crypt:1)
  5 hounds
  A quasit (D:11)
  A human simulacrum (Vaults:1)
  2 jellies (D:12)
  6 orc priests
  19 orc wizards
  2 iguanas
  A lightning spire (Zot:3)
  5 worker ants
  4 hell rats
  2 killer bee zombies
  5 mummies (Crypt:3)
  3 gnolls (D:8)
  5 adders
  15 river rats
  3 shadow imps
  2 oozes (D:12)
  28 orcs
  6 bats
  A giant cockroach (Lair:3)
  3 jackals
  2 kobolds (D:12)
  A ball python zombie (D:5)
  A jackal skeleton (D:5)
  A leopard gecko skeleton (D:5)
  A leopard gecko zombie (Crypt:1)
  2 rats (D:12)
  A rat skeleton (Crypt:1)
  A bush (Lair:5)
  2 butterflies
  3 fungi
  A plant (D:10)
  A withered plant (Crypt:3)
1209 creatures vanquished.

Vanquished Creatures (others)
  A storm dragon (Zot:3)
  A fire giant (Depths:4)
  A draconian shifter (Zot:3)
  An ironheart preserver (Vaults:3)
  2 stone giants (Depths:2)
  A black draconian (Zot:3)
  A yellow draconian (Zot:3)
  A white draconian (Zot:3)
  A red draconian (Zot:3)
  A yaktaur captain (Vaults:5)
  A centaur warrior (Vaults:2)
  A shock serpent (Zot:3)
  A deep elf mage (Elf:3)
  A wizard (D:5)
  4 moths of wrath (Zot:3)
  A vault sentinel (Vaults:5)
  10 yaktaurs
  A jumping spider (Spider:3)
  A tarantella (Spider:2)
  2 centaurs (Vaults:3)
  51 battlemagi
  5 ball lightnings (Zot:3)
  A quokka (D:4)
  A frilled lizard (D:4)
  20 fungi
  6 plants
  11 withered plants (Crypt:3)
129 creatures vanquished.

Grand Total: 2984 creatures vanquished

Notes
Turn   | Place    | Note
-------+----------+-------------------------------------------
     0 | D:1      | dvd the Human Ice Elementalist began the quest for the Orb.
     0 | D:1      | Reached XP level 1. HP: 13/13 MP: 3/3
   496 | D:1      | Reached XP level 2. HP: 19/19 MP: 3/5
   587 | D:1      | Learned a level 2 spell: Throw Frost
   960 | D:1      | Reached XP level 3. HP: 21/24 MP: 2/6
  1853 | D:2      | Learned a level 3 spell: Ozocubu's Armour
  1935 | D:2      | Reached XP level 4. HP: 30/30 MP: 3/8
  2073 | D:2      | Noticed Sigmund
  2633 | D:3      | Found a snail-covered altar of Cheibriados.
  2768 | D:3      | Noticed Natasha
  2787 | D:3      | Killed Natasha
  2787 | D:3      | Reached XP level 5. HP: 29/35 MP: 1/9
  2879 | D:3      | Found a faded altar of an unknown god.
  3005 | D:3      | Noticed Natasha
  3011 | D:3      | Killed Natasha
  3026 | D:3      | Reached skill level 4 in Ice Magic
  3284 | D:3      | Noticed Natasha
  3293 | D:3      | Killed Natasha
  3293 | D:3      | Reached skill level 1 in Armour
  3415 | D:4      | Reached XP level 6. HP: 34/41 MP: 7/11
  3480 | D:4      | Noticed an ogre
  3887 | D:4      | Noticed Edmund
  3930 | D:3      | Killed Edmund
  4252 | D:4      | Reached XP level 7. HP: 31/46 MP: 8/13
  4543 | D:4      | Found a staircase to the Ecumenical Temple.
  4553 | D:4      | Reached skill level 1 in Maces & Flails
  4561 | Temple   | Entered the Ecumenical Temple
  4694 | Temple   | Became a worshipper of Hepliaklqana
  4771 | D:4      | Found a white marble altar of Elyvilon.
  5006 | D:5      | Entered Level 5 of the Dungeon
  5028 | D:5      | Reached skill level 5 in Ice Magic
  5144 | D:5      | Reached * piety under Hepliaklqana
  5634 | D:5      | Found a bloodstained altar of Trog.
  5636 | D:5      | Noticed a wizard
  5640 | D:5      | Killed a wizard
  5693 | D:5      | Found a shattered altar of Ashenzari.
  5803 | D:5      | Reached XP level 8. HP: 47/47 MP: 6/15
  6047 | D:6      | Reached skill level 5 in Spellcasting
  6214 | D:6      | Reached ** piety under Hepliaklqana
  6215 | D:6      | Remembered your ancestor Wilfreda as a battlemage
  6264 | D:6      | Noticed wazuzu's ghost (novice DrCj)
  6272 | D:5      | Reached skill level 1 in Fighting
  6511 | D:2      | Killed Sigmund
  6729 | D:6      | Reached skill level 1 in Shields
  6820 | D:6      | Reached skill level 6 in Ice Magic
  6858 | D:6      | Reached XP level 9. HP: 51/53 MP: 13/17
  6864 | D:6      | Learned a level 4 spell: Throw Icicle
  6938 | D:6      | Noticed Grinder
  7429 | D:6      | Killed wazuzu's ghost
  7429 | D:6      | Reached skill level 1 in Charms
  7650 | D:6      | Paralysed by Grinder for 7 turns
  7653 | D:6      | Killed Grinder
  8096 | D:7      | Found Koiwk's Antique Weapon Emporium.
  8680 | D:7      | Gained mutation: You have sharp toenails. [potion of beneficial mutation]
  8785 | D:8      | Reached *** piety under Hepliaklqana
  8791 | D:8      | Learned a level 1 spell: Confusing Touch
  8824 | D:8      | Reached XP level 10. HP: 60/60 MP: 19/19
  9257 | D:8      | Found a shadowy altar of Dithmenos.
  9684 | D:9      | Noticed Joseph
  9699 | D:9      | Killed Joseph
  9699 | D:9      | Reached skill level 7 in Ice Magic
  9786 | D:9      | Noticed jacquesderrida's ghost (novice VSSk)
  9792 | D:9      | Killed jacquesderrida's ghost
  9901 | D:9      | Reached skill level 5 in Stealth
  9923 | D:9      | Learned a level 4 spell: Summon Ice Beast
  9989 | D:9      | Found an iron altar of Okawaru.
 10058 | D:9      | Found a sacrificial altar of Ru.
 10103 | D:9      | Reached **** piety under Hepliaklqana
 10206 | D:9      | Learned a level 3 spell: Confuse
 10355 | D:9      | Found a sparkling altar of Nemelex Xobeh.
 10365 | D:9      | Got a scorched war axe
 10366 | D:9      | Identified the +9 war axe of Inquiry {drain, Str+6} (You found it on level 9 of the Dungeon)
 10491 | D:9      | Found Wourgh's Gadget Shoppe.
 10559 | D:10     | Entered Level 10 of the Dungeon
 10636 | D:10     | Reached skill level 1 in Axes
 10641 | D:10     | Reached XP level 11. HP: 60/66 MP: 19/21
 10643 | D:10     | Reached skill level 5 in Dodging
 10648 | D:10     | Reached skill level 5 in Conjurations
 11008 | D:10     | Noticed Josephine
 11033 | D:10     | Killed Josephine
 11403 | D:10     | Found a staircase to the Lair.
 11449 | D:10     | Noticed an oklob plant
 11453 | D:10     | Killed an oklob plant
 12049 | D:10     | Reached skill level 1 in Hexes
 12049 | D:10     | Reached skill level 8 in Ice Magic
 12110 | Lair:1   | Entered Level 1 of the Lair of Beasts
 12110 | Lair:1   | Found a labyrinth entrance.
 12193 | Lair:1   | Reached skill level 5 in Axes
 12209 | Lab      | Entered a labyrinth
 12948 | Lab      | Noticed a minotaur
 12954 | Lab      | Killed a minotaur
 12954 | Lab      | Reached XP level 12. HP: 57/73 MP: 24/24
 12957 | Lab      | Identified Duaq's Volume of the Fetching Escort
 12958 | Lab      | Got a transparent ivory ring
 12974 | Lab      | Identified a +1 pair of boots of running (You found it in a labyrinth)
 12976 | Lab      | Identified the ring "Pycsugeu" {+Fly MR+ Int+3} (You found it in a labyrinth)
 13051 | Lair:1   | Reached ***** piety under Hepliaklqana
 13290 | Lair:1   | Noticed Sonja
 13297 | Lair:1   | Paralysed by Sonja for 7 turns
 13306 | Lair:1   | Killed Sonja
 13604 | Lair:1   | Learned a level 2 spell: Ensorcelled Hibernation
 14015 | Lair:2   | Gained mutation: Your mind is acute. (Int +2) [potion of mutation]
 14015 | Lair:2   | Gained mutation: You tend to lose your temper in combat. [potion of mutation]
 14015 | Lair:2   | Gained mutation: Your spells are a little harder to cast, but a little more powerful. [potion of mutation]
 14219 | Lair:2   | Noticed a six-headed hydra
 14226 | Lair:2   | Killed a six-headed hydra
 14226 | Lair:2   | Reached skill level 1 in Summonings
 14375 | Lair:2   | Found a staircase to the Swamp.
 14720 | Lair:3   | Reached skill level 9 in Ice Magic
 14758 | Lair:3   | Reached ****** piety under Hepliaklqana
 14775 | Lair:3   | Noticed Snorg
 14783 | Lair:3   | Killed Snorg
 14783 | Lair:3   | Reached skill level 5 in Shields
 15138 | Lair:3   | Reached XP level 13. HP: 79/79 MP: 25/26
 15199 | Lair:3   | Found a hole to the Spider Nest.
 15833 | Lair:4   | Identified a scroll of acquirement
 15834 | Lair:4   | Got a pair of ancient gloves
 15845 | Lair:4   | Identified the +1 pair of gloves of Atsu {rCorr Int+4} (You acquired it on level 4 of the Lair of Beasts)
 16058 | Lair:4   | Noticed a seven-headed hydra
 16069 | Lair:4   | Killed a seven-headed hydra
 16531 | Lair:5   | Reached skill level 10 in Ice Magic
 16671 | Lair:5   | Noticed a six-headed hydra
 16679 | Lair:5   | Killed a six-headed hydra
 17367 | Lair:6   | Entered Level 6 of the Lair of Beasts
 17381 | Lair:6   | Noticed a merfolk avatar
 17389 | Lair:6   | Killed a merfolk avatar
 17480 | Lair:5   | Reached skill level 1 in Invocations
 17918 | Lair:6   | Found a viscous altar of Jiyva.
 17919 | Lair:6   | Found a staircase to the Slime Pits.
 18012 | Lair:6   | Reached skill level 11 in Ice Magic
 18017 | Lair:6   | Reached XP level 14. HP: 66/86 MP: 27/27
 18059 | Lair:6   | Reached skill level 10 in Spellcasting
 18520 | Lair:6   | Reached skill level 5 in Fighting
 19606 | Lair:6   | Got a faintly glowing quarterstaff
 20214 | D:11     | Noticed Nergalle
 20221 | D:11     | Killed Nergalle
 20394 | D:11     | Noticed Grum
 20400 | D:11     | Killed Grum
 20722 | D:11     | Reached skill level 12 in Ice Magic
 21264 | D:12     | Found a staircase to the Orcish Mines.
 21265 | D:12     | Found Elonueg's Weapon Shop.
 21669 | D:12     | Reached XP level 15. HP: 87/93 MP: 29/29
 22007 | Orc:1    | Entered Level 1 of the Orcish Mines
 22119 | Orc:1    | Found Gisim's Armour Boutique.
 22124 | Orc:1    | Noticed Gastronok
 22135 | Orc:1    | Killed Gastronok
 22250 | Orc:1    | Found a dark tunnel.
 22260 | Volcano  | Entered a volcano
 22408 | Orc:1    | Found a roughly hewn altar of Beogh.
 22551 | Orc:1    | Noticed an orc warlord
 22571 | Orc:1    | Killed an orc warlord
 22715 | Orc:2    | Entered Level 2 of the Orcish Mines
 22876 | Orc:2    | Found a roughly hewn altar of Beogh.
 22913 | Orc:2    | Reached skill level 10 in Axes
 23040 | Orc:2    | Found a staircase to the Elven Halls.
 23098 | Orc:2    | Noticed an orc warlord
 23234 | Orc:2    | Killed an orc warlord
 23239 | Orc:2    | Reached skill level 1 in Evocations
 23474 | Orc:1    | Reached skill level 13 in Ice Magic
 23927 | Orc:2    | Found Zatimaz's Antique Armour Emporium.
 23928 | Orc:2    | Found Jeful's Antique Weapon Shoppe.
 23929 | Orc:2    | Found Ucawanar's General Store.
 23929 | Orc:2    | Found Azoor's Jewellery Emporium.
 23934 | Orc:2    | Bought the ring "Oshryga" {rPois Int+5 SInv} for 440 gold pieces
 23952 | Orc:2    | Identified the +7 quarterstaff of Istrum {crush, *Rage rC++ rN+ Str+3} (You found it on level 6 of the Lair of Beasts)
 24646 | D:13     | Found a portal to a secret trove of treasure.
 25040 | D:13     | Found a white marble altar of Elyvilon.
 25635 | D:14     | Learned a level 4 spell: Summon Lightning Spire
 25695 | D:14     | Got a polished chain mail
 25706 | D:14     | Identified the cursed +1 chain mail of the Evening Star {rF+++ Str+3 Dex-2} (You found it on level 14 of the Dungeon)
 25720 | D:14     | Found a gate to the Vaults.
 25726 | D:14     | Reached XP level 16. HP: 94/100 MP: 28/31
 25734 | D:14     | Noticed Harold
 25735 | D:14     | Noticed Urug
 25750 | D:14     | Killed Harold
 25755 | D:14     | Killed Urug
 25783 | D:14     | Noticed Louise
 25800 | D:14     | Killed Louise
 26582 | Spider:1 | Entered Level 1 of the Spider Nest
 27966 | Spider:2 | Reached skill level 5 in Armour
 28318 | Spider:2 | Reached skill level 14 in Ice Magic
 29287 | Spider:3 | Got a jewelled scimitar
 29288 | Spider:3 | Identified the +8 scimitar "Wynwirhicu" {holy, rElec rPois rC+} (You found it on level 3 of the Spider Nest)
 29299 | Spider:3 | Reached XP level 17. HP: 107/107 MP: 19/32
 29305 | Spider:3 | Noticed Aizul
 29802 | Spider:3 | Killed Aizul
 29832 | Spider:3 | Noticed Arachne
 29843 | Spider:3 | Killed Arachne
 29882 | Spider:3 | Got a faintly glowing helmet
 29893 | Spider:3 | Identified the +0 helmet of the Butterfly {rF+ Int+3} (You found it on level 3 of the Spider Nest)
 30248 | Spider:4 | Entered Level 4 of the Spider Nest
 30412 | Spider:4 | Reached skill level 1 in Long Blades
 30506 | Spider:4 | Reached skill level 5 in Charms
 30565 | Spider:4 | Reached skill level 1 in Air Magic
 30981 | Spider:4 | Got a crystal short sword
 30993 | Spider:4 | Identified the +12 short sword of the Six Runes {speed, rN+} (You found it on level 4 of the Spider Nest)
 32795 | Spider:4 | Got a gossamer rune of Zot
 32997 | Swamp:1  | Entered Level 1 of the Swamp
 33547 | Swamp:1  | Reached skill level 15 in Ice Magic
 33624 | Swamp:1  | Reached XP level 18. HP: 110/114 MP: 21/34
 34179 | Swamp:2  | Reached skill level 1 in Short Blades
 34888 | Swamp:2  | Reached skill level 5 in Hexes
 35814 | Lair:4   | Learned a level 4 spell: Olgreb's Toxic Radiance
 35820 | Lair:4   | Learned a level 5 spell: Metabolic Englaciation
 35826 | Lair:4   | Learned a level 5 spell: Yara's Violent Unravelling
 36321 | Swamp:3  | Reached skill level 5 in Long Blades
 37192 | Swamp:4  | Entered Level 4 of the Swamp
 39018 | Swamp:4  | Reached XP level 19. HP: 118/118 MP: 28/35
 39037 | Swamp:4  | Got a decaying rune of Zot
 39557 | Vaults:1 | Entered Level 1 of the Vaults
 40087 | Orc:2    | Bought a book of Minor Magic for 260 gold pieces
 40091 | Orc:2    | Learned a level 2 spell: Blink
 40094 | Orc:2    | Learned a level 2 spell: Repel Missiles
 40369 | Vaults:1 | Reached skill level 1 in Poison Magic
 40622 | Vaults:1 | Reached skill level 16 in Ice Magic
 40643 | Vaults:1 | Found Lycizeke's Antique Armour Shop.
 40649 | Vaults:1 | Bought a glowing troll leather armour for 100 gold pieces
 41716 | Vaults:1 | Identified the Disquisition on Unstable Air
 43269 | Vaults:2 | Reached XP level 20. HP: 105/126 MP: 37/37
 43305 | Vaults:2 | Found a staircase to the Crypt.
 43853 | Vaults:2 | Reached skill level 5 in Summonings
 44881 | Vaults:3 | Found Ofeel Refa's Weapon Shoppe.
 45192 | Vaults:3 | Noticed a Hell Sentinel
 45905 | Vaults:3 | Reached skill level 17 in Ice Magic
 45972 | Vaults:3 | Reached XP level 21. HP: 87/133 MP: 1/39
 46223 | Vaults:3 | Learned a level 5 spell: Summon Mana Viper
 46836 | Elf:1    | Entered Level 1 of the Elven Halls
 47029 | Elf:1    | Got a dazzling great sword
 47030 | Elf:1    | Identified the +7 great sword of Sutemac {freeze, rPois Str-4 Int+7} (You found it on level 1 of the Elven Halls)
 47044 | Elf:1    | Got a translucent scale mail
 47045 | Elf:1    | Identified the +1 scale mail "Soprats" {rN+ rCorr Int+3} (You found it on level 1 of the Elven Halls)
 48068 | Elf:1    | Found Diatyr's Gadget Shoppe.
 48078 | Elf:1    | Found Ulesh's Jewellery Boutique.
 48079 | Elf:1    | Found Cuygoah's Gadget Shoppe.
 48504 | Elf:1    | Found Veyn Vie's Antique Armour Shoppe.
 48998 | Elf:2    | Identified a +0 rod of clouds (13/13) (You found it on level 2 of the Elven Halls)
 49050 | Elf:2    | Reached skill level 10 in Stealth
 49306 | Elf:2    | Found a runed gate.
 49306 | Elf:2    | Found a runed gate.
 49306 | Elf:2    | Found a runed gate.
 49349 | Elf:2    | Noticed Bronet's ghost (journeyman MfSk)
 49371 | Elf:2    | Killed Bronet's ghost
 50255 | Elf:3    | Entered Level 3 of the Elven Halls
 50256 | Elf:3    | Reached XP level 22. HP: 139/139 MP: 38/40
 50373 | Elf:3    | Found Tixiah Zofyu's Armour Boutique.
 50456 | Elf:3    | Reached skill level 10 in Conjurations
 50526 | Elf:3    | Found Lidd's Gadget Shoppe.
 50598 | Elf:3    | Found Latuj's Assorted Antiques.
 50779 | Elf:3    | Found Qoodus's Armour Shoppe.
 50900 | Elf:3    | Reached skill level 1 in Translocations
 51043 | Elf:3    | Reached skill level 18 in Ice Magic
 51340 | Elf:3    | Reached skill level 10 in Long Blades
 51355 | Elf:3    | Reached skill level 15 in Spellcasting
 51361 | Elf:3    | Reached skill level 5 in Poison Magic
 51814 | Elf:3    | Got a fine jade ring
 52384 | Elf:3    | Got a steaming halberd {chop}
 52465 | Elf:3    | Identified the +9 halberd of Hakkemos {chop, MR+ Str+4} (You took it off a deep elf elementalist on level 3 of the Elven Halls)
 52478 | Elf:3    | Identified a +9 rod of ignition (11/11) (You took it off a deep elf sorcerer on level 3 of the Elven Halls)
 52480 | Elf:3    | Identified the ring of Fedhas's Condemnation {MR+ Str+2} (You took it off a deep elf death mage on level 3 of the Elven Halls)
 52484 | Elf:3    | Got a polished ring mail
 52495 | Elf:3    | Identified the +2 ring mail of the Lich-sworn {rPois rC+} (You found it on level 3 of the Elven Halls)
 52556 | Elf:3    | Learned a level 5 spell: Lightning Bolt
 52655 | Elf:3    | Identified Geohid's Catalogue of Transmutation and Bewitchment
 52671 | Elf:3    | Learned a level 6 spell: Bolt of Cold
 52674 | Elf:3    | Got a pair of crude gloves
 52685 | Elf:3    | Identified the cursed -5 pair of gloves of the Alphagorgon {rPois Str+4} (You found it on level 3 of the Elven Halls)
 52714 | Elf:3    | Got a slimy ring mail
 52725 | Elf:3    | Identified the +1 ring mail "Wafileodou" {rC- Regen+ Dex+3 Stlth+} (You found it on level 3 of the Elven Halls)
 53448 | Vaults:4 | Found a magical portal.
 53538 | WizLab   | Entered Cigotuvi's Fleshworks
 53874 | WizLab   | Paralysed by a floating eye for 3 turns
 53878 | WizLab   | Paralysed by a floating eye for 4 turns
 53966 | WizLab   | Reached XP level 23. HP: 91/145 MP: 11/42
 54255 | WizLab   | Identified the Papyrus of Transmutation
 54264 | WizLab   | Identified Cigotuvi's Papyrus of Changing and Stolen Souls
 54266 | WizLab   | Identified the Incunabulum of Moulding
 54475 | Vaults:4 | Gained mutation: Your movements are slightly less encumbered by armour. (ER -2) [potion of beneficial mutation]
 54476 | Vaults:4 | Gained mutation: You are resistant to hostile enchantments. (MR+) [potion of beneficial mutation]
 54477 | Vaults:4 | Gained mutation: You are partially covered in iridescent scales. (AC +2) [potion of beneficial mutation]
 56116 | D:15     | Entered Level 15 of the Dungeon
 56236 | D:15     | Noticed Nessos
 56334 | D:15     | Found a staircase to the Depths.
 56573 | D:15     | Killed Nessos
 56630 | D:15     | Found a shadowy altar of Dithmenos.
 57176 | Vaults:4 | Learned a level 6 spell: Ozocubu's Refrigeration
 57184 | Vaults:4 | Learned a level 6 spell: Freezing Cloud
 57688 | Slime:1  | Entered Level 1 of the Pits of Slime
 57697 | Slime:1  | Reached skill level 10 in Shields
 57852 | Slime:1  | Reached skill level 19 in Ice Magic
 58621 | Slime:2  | Reached XP level 24. HP: 118/153 MP: 39/43
 59589 | Slime:2  | Reached skill level 5 in Invocations
 59725 | Slime:2  | Gained mutation: Your body sometimes deteriorates upon taking damage. [a shining eye]
 59999 | Slime:4  | Gained mutation: You are frail. (-10% HP) [a shining eye]
 60153 | Slime:4  | Noticed Dissolution
 60161 | Slime:4  | Killed Dissolution
 60481 | Slime:5  | Entered Level 5 of the Pits of Slime
 61155 | Slime:5  | Reached skill level 10 in Fighting
 61231 | Slime:5  | Noticed the Royal Jelly
 61358 | Slime:5  | Killed the Royal Jelly
 62190 | Slime:5  | Reached XP level 25. HP: 141/141 MP: 10/43
 62373 | Slime:5  | Identified Zilah's Guide on the Glacial Volcanoes
 62384 | Slime:5  | Identified the Catalogue of Torrid Transformation
 62453 | Slime:5  | Identified Sif Muna's Volume of Toxins and Stones
 62513 | Slime:5  | Got a slimy rune of Zot
 62516 | Slime:5  | Identified the Handbook of Beguiling
 62524 | Slime:5  | Got a crude bone ring
 62526 | Slime:5  | Identified the ring of Omoikhi {rC- MR+ Int+3 Stlth+} (You found it on level 5 of the Pits of Slime)
 62577 | Slime:5  | Got a coiled golden ring
 62642 | Slime:5  | Got an encrusted hand crossbow
 62643 | Slime:5  | Identified the +5 hand crossbow of Oozing Pus {speed, rElec rF+ Dex+2} (You found it on level 5 of the Pits of Slime)
 62662 | Slime:5  | Identified the ring of Hard Scrabble {rPois rF+} (You found it on level 5 of the Pits of Slime)
 62743 | Slime:5  | Lost mutation: Your body sometimes deteriorates upon taking damage. [potion of cure mutation]
 62743 | Slime:5  | Lost mutation: You are frail. (-10% HP) [potion of cure mutation]
 62743 | Slime:5  | Lost mutation: Your spells are a little harder to cast, but a little more powerful. [potion of cure mutation]
 62743 | Slime:5  | Lost mutation: You are partially covered in iridescent scales. (AC +2) [potion of cure mutation]
 62743 | Slime:5  | Lost mutation: Your mind is acute. (Int +2) [potion of cure mutation]
 62846 | Slime:5  | Upgraded the game from 0.19-a0-1626-g5215c36 to 0.19-a0-1672-g679cadd
 63353 | Vaults:5 | Entered Level 5 of the Vaults
 63357 | Vaults:5 | Reached skill level 20 in Ice Magic
 64775 | Vaults:5 | Got a translucent leather armour
 64778 | Vaults:5 | Identified the +1 leather armour of Starshine {rElec Int+6} (You took it off a vault sentinel on level 5 of the Vaults)
 64780 | Vaults:5 | Got a sapphire scimitar {elec}
 64788 | Vaults:5 | Identified the +8 scimitar of the Candle {elec, rF+ rC+ Int+5} (You took it off a vault warden on level 5 of the Vaults)
 65072 | Vaults:5 | Got a silver rune of Zot
 65154 | Vaults:5 | Got a brightly glowing ivory ring
 65156 | Vaults:5 | Identified the ring "Zeweaful" {rElec Stlth-} (You took it off an orc on level 5 of the Vaults)
 65235 | Vaults:5 | Reached XP level 26. HP: 134/166 MP: 3/44
 65955 | Vaults:5 | Got a pitted bone ring
 65957 | Vaults:5 | Identified the ring of Generosity {MR- Str+4 Dex+2} (You found it on level 5 of the Vaults)
 66105 | Vaults:5 | Got a shimmering scale mail
 66106 | Vaults:5 | Identified the +1 scale mail of the Carpenter {+Inv rElec MR- SInv} (You took it off a deep elf high priest on level 5 of the Vaults)
 66148 | Vaults:5 | Reached skill level 21 in Ice Magic
 66226 | Vaults:5 | Reached skill level 10 in Dodging
 66641 | Depths:1 | Entered Level 1 of the Depths
 67262 | Depths:1 | Got an ebony spear
 67263 | Depths:1 | Identified the cursed +0 spear of the Moth {drain, Int+4 SInv} (You found it on level 1 of the Depths)
 67320 | Depths:1 | Found Qoetoh's Assorted Antiques.
 67325 | Depths:1 | Found Nump's Antique Weapon Shoppe.
 67328 | Depths:1 | Bought a crooked iron wand for 148 gold pieces
 67592 | Depths:1 | Found a gateway to Hell.
 68127 | Depths:2 | Got a spiked leather armour
 68128 | Depths:2 | Identified the cursed +1 leather armour "Muopyis" {rElec rN+ Str+4 Slay-4} (You found it on level 2 of the Depths)
 68932 | Depths:2 | Upgraded the game from 0.19-a0-1672-g679cadd to 0.19-a0-1682-g5114f93
 68992 | Depths:3 | Noticed Boris
 69004 | Depths:3 | Killed Boris
 69274 | Depths:3 | Reached XP level 27. HP: 162/172 MP: 27/44
 69344 | Depths:3 | Found a one-way gate leading to the halls of Pandemonium.
 70297 | Depths:4 | Found Eguimig's Gadget Emporium.
 70434 | Depths:4 | Learned a level 5 spell: Fireball
 70445 | Depths:4 | Got a translucent lapis lazuli ring
 70447 | Depths:4 | Identified the ring of Zosodos {Str+2 Dex+4 SInv Stlth-} (You found it on level 4 of the Depths)
 70594 | Depths:4 | Found Meluimno's Distillery.
 70597 | Depths:4 | Bought a potion of heal wounds for 105 gold pieces
 70597 | Depths:4 | Bought a potion of haste for 210 gold pieces
 70597 | Depths:4 | Bought a potion of heal wounds for 105 gold pieces
 71990 | Depths:4 | Found Ote Tuwn's Book Shop.
 72002 | Depths:4 | Learned a level 6 spell: Deflect Missiles
 72059 | Depths:4 | Found a one-way gate to the infinite horrors of the Abyss.
 72168 | Depths:4 | Noticed Sojobo
 72183 | Depths:4 | Killed Sojobo
 72480 | Depths:5 | Entered Level 5 of the Depths
 72630 | Depths:5 | Noticed Xtahua
 72640 | Depths:5 | Killed Xtahua
 72848 | Depths:5 | Reached skill level 5 in Air Magic
 72852 | Depths:5 | Found a gate to the Realm of Zot.
 73333 | Depths:5 | Found a gateway to a ziggurat.
 73338 | Depths:5 | Noticed Jory
 73344 | Depths:5 | Killed Jory
 74127 | Depths:5 | Learned a level 7 spell: Orb of Destruction
 74628 | Crypt:1  | Entered Level 1 of the Crypt
 76657 | Crypt:3  | Entered Level 3 of the Crypt
 77761 | Crypt:3  | Found an ancient bone altar of Kikubaaqudgha.
 77814 | Crypt:3  | Identified Kikubaaqudgha's Guide on Dark Arts
 77822 | Crypt:3  | Identified a +8 rod of ignition (12/12) (You found it on level 3 of the Crypt)
 77830 | Crypt:3  | Got an ancient ring mail
 77841 | Crypt:3  | Identified the +6 ring mail of Egalitarianism {rElec rN+ Regen+} (You found it on level 3 of the Crypt)
 78262 | Crypt:3  | Got a slimy long sword
 78263 | Crypt:3  | Identified the cursed +1 long sword of the Four Demons {venom, +Rage rF+ Dex-5} (You found it on level 3 of the Crypt)
 78355 | Crypt:3  | Found a staircase to the Tomb.
 78389 | Crypt:3  | Identified a +3 rod of shadows (13/13) (You found it on level 3 of the Crypt)
 78408 | Crypt:3  | Noticed an ancient lich
 78418 | Crypt:3  | Killed an ancient lich
 79072 | Zot:1    | Entered Level 1 of the Realm of Zot
 80720 | Zot:2    | Got a translucent brass ring
 80722 | Zot:2    | Identified the ring "Qugicrem" {rF+ MR+} (You found it on level 2 of the Realm of Zot)
 81480 | Zot:3    | Reached skill level 22 in Ice Magic
 81481 | Zot:3    | Reached skill level 15 in Axes
 81690 | Zot:3    | Reached skill level 15 in Shields
 84393 | Zot:5    | Entered Level 5 of the Realm of Zot
 85363 | Zot:5    | Reached skill level 10 in Poison Magic
 85375 | Zot:5    | Noticed an ancient lich
 85392 | Zot:5    | Noticed an orb of fire
 85394 | Zot:5    | Killed an ancient lich
 85686 | Zot:5    | Killed an orb of fire
 85807 | Zot:5    | Noticed an ancient lich
 85815 | Zot:5    | Killed an ancient lich
 85815 | Zot:5    | Reached skill level 10 in Charms
 86266 | Zot:5    | Noticed an orb of fire
 86271 | Zot:5    | Gained mutation: Your muscles are strong. (Str +2) [an orb of fire]
 86272 | Zot:5    | Gained mutation: Armour fits poorly on your strangely shaped body. [an orb of fire]
 86275 | Zot:5    | Killed an orb of fire
 86436 | Zot:5    | Lost mutation: You have sharp toenails. [potion of cure mutation]
 86436 | Zot:5    | Lost mutation: Your muscles are strong. (Str +2) [potion of cure mutation]
 86436 | Zot:5    | Lost mutation: You tend to lose your temper in combat. [potion of cure mutation]
 86436 | Zot:5    | Lost mutation: Your movements are slightly less encumbered by armour. (ER -2) [potion of cure mutation]
 86437 | Zot:5    | Lost mutation: Armour fits poorly on your strangely shaped body. [potion of cure mutation]
 86437 | Zot:5    | Lost mutation: You are resistant to hostile enchantments. (MR+) [potion of cure mutation]
 86561 | Zot:5    | Got the Orb of Zot
 86726 | Zot:2    | Noticed Ufecs the pandemonium lord
 86763 | Zot:2    | HP: 9/182 [sixfirhy (3)]
 86763 | Zot:2    | Killed from afar by a daeva

Vault maps used:
D:1:      zelgadis_glass_arrival_small
D:2:      nrook_mini_vaults, uniq_sigmund
D:3:      ecumenical_altar_1, corexii_leaking_fountain, cheibriados_altar_1,
          uniq_natasha
D:4:      hangedman_abyss_or_decor_stagger, elyvilon_altar_4, uniq_edmund
D:5:      ashenzari_altar_1, first_bread, trog_wizard
D:6:      old_forge, uniq_grinder
D:7:      serial_shops, kennysheep_little_box
D:8:      overflow_temple_1_default
D:9:      nicolae_ru_the_path_less_chosen, okawaru_metal_pillars_1_2,
          nemelex_xobeh_ov_fountains_minmay, serial_shops,
          nicolae_shop_window_shopping, kennysheep_small_spiral, the_bakery,
          uniq_joseph
D:10:     dpeg_oklobed_lair, minivault_25, mumra_transporter_accident,
          uniq_josephine
D:11:     serial_ice, serial_ice_n, serial_ice_g, serial_ice_m, serial_ice_k,
          serial_ice_o, serial_ice_f, feat_on_display, uniq_grum, uniq_nergalle
D:12:     orc_david_3, hangedman_parallel_progression
D:13:     kennysheep_ambush_hall, basic_altar, enter_trove_2
D:14:     erik_vaults_1, sword_in_stone
D:15:     hangedman_depths_entry_civil_slaughter, minmay_parallelograms,
          basic_altar, st_stairs_5, uniq_nessos
Temple:   nicolae_temple_elliptical
Lair:1:   lab_entry_generic, infiniplex_staircase_pool, uniq_sonja
Lair:2:   swamp_mist_pool
Lair:3:   nicolae_spider_entry_non_spiders, uniq_snorg
Lair:5:   lemuel_fruit_fields
Lair:6:   gammafunk_lair_ancient_temple, slime_altar_1, lemuel_fruit_fields
Swamp:1:  evilmike_swamp_ruin_house_1, swamp_pool1
Swamp:2:  nicolae_swamp_phyte_club, evilmike_swamp_ruin_rubble_2,
          st_swamp_ruins_1
Swamp:3:  serial_swamp_ruin, evilmike_swamp_ruin_house_3,
          evilmike_swamp_ruin_house_2, evilmike_swamp_ruin_house_6, swamp_pool1
Swamp:4:  swamp_alternative, swamp_pool4, nicolae_swamp_round_clearing
Spider:1: spider_trap
Spider:2: spider_trap
Spider:3: uniq_arachne, uniq_aizul
Spider:4: spider_rune_water, nicolae_spider_webs_and_nodes
Slime:2:  cheibrodos_slime_lost_civilization_7
Slime:4:  uniq_dissolution
Orc:1:    nicolae_volcano_entry_s_turn, serial_shops, shop,
          nicolae_orc_lost_temple, uniq_erica, uniq_gastronok
Orc:2:    st_orc_congregation, basic_altar
Elf:1:    eino_elf_arrival_the_gate, serial_shops, shop, special_room,
          kennysheep_underground_church, minmay_shop_grove
Elf:3:    minmay_elf_hall_dome, serial_shops, shop, nicolae_shop_statue_plus,
          nicolae_shop_behind_doors, shop
Vaults:1: grunt_vaults_diagonal, vaults_room_pool, vaults_room_semicircle,
          v_misc_15, st_cross, v_rooms_3, grunt_vaults_twisty, v_misc_15,
          v_rooms_1, ontoclasm_vaults_chip, serial_ice_g, vaults_dpeg_hooks,
          serial_shops, nicolae_shop_statue_plus
Vaults:2: hangedman_vaults_pinch, vaults_room_door_hall,
          ontoclasm_vaults_bender, minmay_crypt_entry_skeletal_spiral,
          nicolae_vaults_border_crossing, v_misc_27,
          nicolae_vaults_three_branches, nicolae_vaults_little_squares_5,
          vaults_dpeg_diagonal, nicolae_vaults_little_squares_6
Vaults:3: hangedman_vaults_stitches, v_alt_pattern_1, vaults_room_hallway,
          ontoclasm_vaults_idyll, nicolae_vaults_display_case, v_misc_30,
          v_misc_30, vaults_room_grid, grunt_vaults_hallway_short, serial_shops,
          nicolae_shop_stone
Vaults:4: v_misc_30, ontoclasm_vaults_ring_square, v_misc_29, v_pattern_1,
          nicolae_vaults_sealed_display, nicolae_vaults_asterisk,
          nicolae_vaults_angled_halls, ontoclasm_vaults_hangar,
          nicolae_vaults_know_your_exits, ontoclasm_vaults_ligature,
          vaults_room_corners, v_misc_10, nicolae_vaults_rhombus_7,
          infiniplex_enter_wizlab_water
Vaults:5: serial_shops
Crypt:3:  quadcrypt_mu
Depths:1: grunt_hell_entry_dis_old, kennysheep_big_empty_room,
          hangedman_decor_points, minmay_shop_star
Depths:2: minmay_open_boxes_in_corner, minmay_misc_feat_plants,
          grunt_mini_vestibule, firewood_loft, grunt_megastairs_1,
          serial_bayou_shore_a
Depths:3: minmay_eyes, hell_entry, hex_intersection, pan_entry,
          hangedman_abyss_or_decor_clamps, uniq_boris
Depths:4: minmay_quarter_circles, abyss_entry, hangedman_coc_ice_floe,
          minmay_door_square, serial_shops, nicolae_shop_trees, shop_statue,
          nicolae_shop_crystal, uniq_sojobo
Depths:5: evilmike_zot_entry_round, enter_ziggurat_a, nicolae_water_bricks,
          hell_entry, minmay_misc_feat_cross, st_stairs_11, minivault_16,
          uniq_jory, uniq_xtahua
Zot:3:    infiniplex_zot_generator
Lab:      labyrinth_hidden_loot, lab_hedge, nicolae_lab_stuck,
          nicolae_lab_arrow, labyrinth_skeletal_remains, nicolae_lab_statue,
          nicolae_lab_checkerboard, nicolae_lab_big_swirl
Volcano:  volcano_caves
WizLab:   wizlab_cigotuvi

Skill      XL: |  1  2  3  4  5  6  7  8  9 10 11 12 13 14 15 16 17 18 19 20 21 22 23 24 25 26 27 |
---------------+----------------------------------------------------------------------------------+-----
Spellcasting   | 3 4 5 6 7 8 9 10 11 12 13 14 15 16 17 20 | 20.5
Ice Magic      | 4 5 6 7 8 9 11 12 13 14 15 16 17 18 19 20 21 22 | 22.6
Armour         | 1 2 3 4 5 6 7 |  7.5
Conjurations   | 2 3 4 5 6 7 8 9 10 11 13 | 13.3
Maces & Flails | 1 2 3 4 |  4.6
Stealth        | 3 5 6 7 8 9 10 11 12 | 12.7
Dodging        | 3 4 5 6 7 8 9 10 13 | 13.0
Fighting       | 1 2 3 4 5 6 7 8 9 10 13 | 13.8
Shields        | 1 3 4 5 6 7 8 9 10 11 15 | 15.9
Charms         | 1 2 3 4 5 6 7 10 | 10.2
Axes           | 1 5 6 7 9 10 11 12 13 16 | 16.4
Hexes          | 2 3 4 5 6 |  6.5
Summonings     | 1 2 3 4 5 6 |  6.3
Invocations    | 1 2 3 4 7 8 |  8.3
Evocations     | 1 2 |  2.5
Long Blades    | 4 6 8 9 10 11 14 | 14.7
Air Magic      | 1 2 3 4 7 |  7.0
Short Blades   | 1 2 3 |  3.0
Poison Magic   | 2 3 4 5 6 7 8 10 | 10.1
Translocations | 2 |  2.2
Transmutations | |  0.6

Action                   |  1- 3 |  4- 6 |  7- 9 | 10-12 | 13-15 | 16-18 | 19-21 | 22-24 | 25-27 || total
-------------------------+-------+-------+-------+-------+-------+-------+-------+-------+-------++-------
Melee: Short sword       |    11 |    50 |       |       |       |    19 |    75 |    49 |    29 ||   233
       Flail             |       |     8 |   105 |    62 |       |       |       |       |       ||   175
       Mace              |       |       |    17 |    30 |       |       |       |       |       ||    47
       War axe           |       |       |       |   195 |   560 |   484 |   136 |   370 |   432 ||  2177
       Scimitar          |       |       |       |       |       |    15 |   474 |   172 |  1276 ||  1937
 Cast: Freeze            |    46 |    65 |    12 |       |       |       |       |       |       ||   123
       Throw Frost       |     9 |    21 |    60 |    24 |    15 |     1 |       |       |       ||   130
       Ozocubu's Armour  |       |       |    10 |    28 |    73 |    73 |    73 |    62 |   151 ||   470
       Throw Icicle      |       |       |     3 |    89 |   145 |   302 |   205 |   142 |    38 ||   924
       Confusing Touch   |       |       |       |     6 |       |       |       |       |       ||     6
       Confuse           |       |       |       |     5 |    18 |    46 |     8 |       |       ||    77
       Summon Ice Beast  |       |       |       |     4 |    68 |    34 |    18 |    10 |     3 ||   137
       Ensorcelled Hiber |       |       |       |       |     3 |       |       |       |       ||     3
       Summon Lightning  |       |       |       |       |       |    34 |    26 |    13 |     8 ||    81
       Metabolic Englaci |       |       |       |       |       |    14 |    10 |    18 |     4 ||    46
       Olgreb's Toxic Ra |       |       |       |       |       |     5 |    53 |    37 |    94 ||   189
       Repel Missiles    |       |       |       |       |       |       |     3 |     7 |     1 ||    11
       Yara's Violent Un |       |       |       |       |       |       |     5 |       |       ||     5
       Summon Mana Viper |       |       |       |       |       |       |     3 |     4 |       ||     7
       Blink             |       |       |       |       |       |       |     1 |     3 |     1 ||     5
       Bolt of Cold      |       |       |       |       |       |       |       |    67 |   201 ||   268
       Lightning Bolt    |       |       |       |       |       |       |       |    11 |    50 ||    61
       Freezing Cloud    |       |       |       |       |       |       |       |     7 |    31 ||    38
       Ozocubu's Refrige |       |       |       |       |       |       |       |    21 |    71 ||    92
       Orb of Destructio |       |       |       |       |       |       |       |       |    47 ||    47
       Deflect Missiles  |       |       |       |       |       |       |       |       |    11 ||    11
       Fireball          |       |       |       |       |       |       |       |       |     5 ||     5
Invok: Recall Ancestor   |       |       |     2 |     4 |    13 |    11 |    21 |    10 |    31 ||    92
       Ancestor Life: Ba |       |       |     1 |       |       |       |       |       |       ||     1
       Idealise          |       |       |       |       |     1 |     4 |     7 |     3 |    12 ||    27
       Transference      |       |       |       |       |       |     1 |     1 |       |     1 ||     3
Evoke: Wand              |       |       |     2 |     2 |     4 |    21 |     4 |     5 |    16 ||    54
       Rod               |       |       |       |     3 |    17 |     5 |     5 |       |       ||    30
  Use: Scroll            |       |     1 |    13 |    12 |    17 |    22 |     8 |    13 |    29 ||   115
       Potion            |       |       |    13 |     6 |     6 |    14 |     3 |    11 |    13 ||    66
 Stab: Sleeping          |     1 |     2 |     5 |    11 |    17 |     9 |    11 |    26 |    21 ||   103
       Distracted        |       |       |     1 |    11 |    12 |    19 |    26 |    21 |    40 ||   130
       Confused          |       |       |       |     1 |     2 |       |       |       |       ||     3
       Paralysed         |       |       |       |       |       |     4 |       |       |       ||     4
  Eat: Chunk             |     4 |     8 |    15 |    28 |    36 |    18 |    27 |    15 |    44 ||   195
       Beef jerky        |       |       |     1 |       |     1 |     2 |       |     3 |     4 ||    11
       Fruit             |       |       |       |     3 |       |     1 |     2 |     1 |     6 ||    13
       Pizza             |       |       |       |       |     1 |       |       |     1 |     4 ||     6
       Royal jelly       |       |       |       |       |       |     4 |       |     1 |       ||     5
       Meat ration       |       |       |       |       |       |     2 |     2 |     2 |     6 ||    12
       Bread ration      |       |       |       |       |       |     1 |       |     2 |       ||     3
Armor: Robe              |     3 |       |       |       |       |       |       |       |       ||     3
       Leather armour    |    19 |    38 |    75 |   106 |   237 |   361 |    16 |       |       ||   852
       Troll leather arm |       |       |       |       |       |       |   198 |   190 |   518 ||   906
Dodge: Dodged            |    31 |    45 |   107 |   169 |   347 |   522 |   297 |   248 |   913 ||  2679
       Deflected         |       |       |       |       |       |       |    20 |    24 |   107 ||   151
Block: Buckler           |       |    14 |    53 |   112 |   282 |   367 |   353 |   293 |    81 ||  1555
       Reflection        |       |       |       |       |       |       |    55 |    30 |    56 ||   141
       Large shield      |       |       |       |       |       |       |       |       |   449 ||   449
       Shield            |       |       |       |       |       |       |       |       |   866 ||   866
